Match 40847648
Unlisted

Match 40847648
End
Construct Barracks
Riflemen Squad
Riflemen Squad
Construct Weapon Support Center
M1 Mortar Team
Bazooka Squad
Bazooka Squad
Improved M9 Bazooka Rockets
Riflemen Squad
Grenade Package
Mechanized Support Center
Bazooka Squad
xKOZIx
ShaftedSpace
The Dread Pirate Roberts
FitzBro
Naveed #No2IRGC
Akuma Nihmune is my OSHI
0
0

Comments sign in to comment!

No comments posted yet!